 Dungeon Crawl Stone Soup version 0.31-a0-1166-gae6a2ec (webtiles) character file.

Game seed: 18066622684128153471

233 PidgeyThePirate the Gusty (level 6, -3/34 HPs)
             Began as a Tengu Air Elementalist on Dec 9, 2023.
             Slain by Blork the orc
             ... wielding a +0 dire flail
              (11 damage)
             ... on level 4 of the Dungeon.
             The game lasted 00:06:53 (2745 turns).

PidgeyThePirate the Gusty (Tengu Air Elementalist)  Turns: 2745, Time: 00:06:53

Health: -3/34      AC: 10    Str: 11    XL:     6   Next: 5%
Magic:  11/11      EV: 12    Int: 15    God:
Gold:   251        SH:  0    Dex: 14    Spells: 0/10 levels left

rFire   . . .        l - +1 halberd (protect)
rCold   . . .        (shield currently unavailable)
rNeg    . . .        i - +0 leather armour
rPois   .            (helmet restricted)
rElec   .            (no cloak)
rCorr   .            (no gloves)
SInv    .            (boots unavailable)
Will    .....        (no amulet)
Stlth   ++           (no ring)
HPRegen 0.25/turn    (no ring)
MPRegen 0.12/turn

%: acrobat
@: under a protective aura
A: beak, talons 3, acrobatic
a: no special abilities


You were on level 4 of the Dungeon.
You visited 1 branch of the dungeon, and saw 4 of its levels.

You collected 251 gold pieces.

Inventory:

Hand Weapons
 d - a +2 whip of pain
 l - a +1 halberd of protection (weapon)
Armour
 a - a +0 robe
 i - a +0 leather armour (worn)
Wands
 n - a wand of light (11)
 r - a wand of flame (16)
Scrolls
 e - a scroll of vulnerability {unknown}
 f - a scroll of teleportation {unknown}
 g - 2 scrolls of fear {unknown}
 h - a scroll of revelation {unknown}
 j - a scroll of acquirement {unknown}
 m - a scroll of enchant weapon {unknown}
 o - 2 scrolls of immolation {unknown}
 q - 2 scrolls of identify {unknown}
Potions
 b - 2 potions of magic
 c - 4 potions of haste {unknown}
 k - a potion of attraction {unknown}
 p - a potion of degeneration {unknown}


   Skills:
 + Level 1.0 Fighting
 + Level 1.5 Maces & Flails
 + Level 2.1 Polearms
 + Level 2.1 Armour
 + Level 3.3 Dodging
 + Level 2.2 Stealth
 + Level 2.9 Spellcasting
 + Level 1.6 Conjurations
 + Level 4.9 Air Magic


You couldn't memorise any spells.
You knew the following spells:

 Your Spells              Type           Power      Damage    Failure   Level
a - Shock                 Conj/Air       48%        1d6       7%          1
b - Static Discharge      Conj/Air       24%        3-4/arc   11%         2
c - Airstrike             Air            8%         2d(2-18)  34%         4
d - Swiftness             Air            17%        N/A       11%         3

Your spell library contained the following spells:

 Spells                   Type           Power      Damage    Failure   Level
 Lesser Beckoning         Tloc           4%         N/A       38%         2
 Gell's Gravitas          Tloc           2%         N/A       63%         3
 Teleport Other           Tloc           2%         N/A       63%         3


Dungeon Overview and Level Annotations

Branches:
Dungeon (4/15)
 Temple: D:4-7

Altars:
Yredelemnul

Annotations:
D:4 Blork the orc


Innate Abilities, Weirdness & Mutations

You have a beak for a mouth.
You have claws for feet.
You can magically evade attacks while moving or waiting.


Message History

Found a club and a robe.
You now have 251 gold pieces (gained 10).
c - 4 fizzy silvery potions (gained 1)
You see here a +0 robe.
g - 2 scrolls labelled CEMEOGEZEI (gained 1) Blork the orc comes into view.
He is wielding a +0 dire flail.
Reach: l) +1 halberd (protect)
Press: ? - help, Dir - move target, f - Blork the orc
Aim: Blork the orc, wielding a +0 dire flail and wearing a +0 robe (about 44% to evade your +1 halberd of protection)
You reach to attack!
You hit Blork the orc but do no damage.
Your weapon exudes an aura of protection.
Blork the orc frowns.
Blork the orc barely misses you.
You slash Blork the orc! You peck Blork the orc.
Blork the orc is moderately wounded.
Blork the orc hits you with a +0 dire flail!
Casting: Shock (safe; 7% risk of failure)
Confirm with . or Enter, or press ? or * to list all spells.
Aiming: Shock (safe; 7% risk of failure)
Press: ? - help, Shift-Dir - straight line, f/p - Blork the orc
Aim: Blork the orc, wielding a +0 dire flail and wearing a +0 robe (moderately wounded, 72% to hit)
Okay, then.
You hit Blork the orc.
Blork the orc is heavily wounded.
Blork the orc barely misses you.
You closely miss Blork the orc.
Blork the orc is heavily wounded.
Blork the orc misses you.
Blork the orc hits you with a +0 dire flail!
You hit Blork the orc.
Blork the orc is heavily wounded.
Blork the orc screams, "I'll cover the dungeon with your blood!"
Blork the orc hits you with a +0 dire flail!
* * * LOW HITPOINT WARNING * * *
You closely miss Blork the orc.
You claw Blork the orc, but do no damage.
Blork the orc is heavily wounded.
Blork the orc barely misses you.
Blork the orc hits you with a +0 dire flail!
You die...

#.......... ####
#.....##.## # ...
#........#
###.###.####...##...#
... .....##...# .....
##.####..##...# .$.##
#.........[...# ..)#
#...o....#.#### ..#
#$..@....#.#
##.#####.#.# .. #.#.#
## #.#.. #.### #.#
#.#


You could see Blork the orc.

Vanquished Creatures
  A scorpion (D:4)
  6 gnolls
  3 adders
  2 adder zombies (D:3)
  A worm (D:3)
  4 dart slugs
  5 orcs (D:3)
  4 endoplasms
  3 giant cockroaches
  5 hobgoblins
  9 jackals
  2 quokkas
  6 ball pythons
  2 bats (D:2)
  6 frilled lizards
  2 goblins
  7 kobolds
  A quokka zombie (D:3)
  4 rats
73 creatures vanquished.

Notes
Turn   | Place    | Note
-------+----------+-------------------------------------------
     0 | D:1      | PidgeyThePirate the Tengu Air Elementalist began the quest
                  | for the Orb.
     0 | D:1      | Reached XP level 1. HP: 10/10 MP: 4/4
   313 | D:1      | Reached XP level 2. HP: 6/15 MP: 6/6
   876 | D:1      | Reached XP level 3. HP: 14/19 MP: 7/7
  1153 | D:2      | Reached skill level 1 in Maces & Flails
  1231 | D:1      | Reached XP level 4. HP: 11/24 MP: 5/8
  1576 | D:2      | Reached skill level 1 in Armour
  1743 | D:2      | Reached XP level 5. HP: 28/28 MP: 10/10
  1925 | D:3      | Found a basalt altar of Yredelemnul.
  2366 | D:3      | Reached skill level 1 in Polearms
  2587 | D:4      | Reached skill level 1 in Fighting
  2587 | D:4      | Reached XP level 6. HP: 14/34 MP: 11/11
  2595 | D:4      | Learned a level 2 spell: Static Discharge
  2600 | D:4      | Learned a level 4 spell: Airstrike
  2604 | D:4      | Learned a level 3 spell: Swiftness
  2738 | D:4      | Noticed Blork the orc
  2745 | D:4      | Slain by Blork the orc

Illustrated notes

Levels and vault maps discovered:
D:1:      scummos_arrival_hexagon, layout_loops_corners, solitary_fountain
D:2:      layout_rooms, st_stairs_5, minmay_pentomino_z2
D:3:      layout_basic, nicolae_yredelemnul_corpse_copse, grunt_ministairs_7,
          hex_medium, hex_large, dreamdust_wishing_well
D:4:      layout_basic, amcnicky_mini_pool_small, uniq_edmund,
          uniq_blork_the_orc

Skill      XL: |  1  2  3  4  5 |
---------------+----------------+-----
Maces & Flails | 1 |  1.5
Dodging        | 3 |  3.3
Armour         | 1 2 |  2.1
Polearms       | 2 |  2.1
Fighting       | 1 |  1.0
Stealth        | |  2.2
Spellcasting   | |  2.9
Conjurations   | |  1.6
Air Magic      | |  4.9

Action                     |  1- 3 |  4- 6 || total
---------------------------+-------+-------++-------
  Melee: Whip              |    83 |     2 ||    85
         Kick              |    24 |    14 ||    38
         Peck              |     8 |    20 ||    28
         Punch             |     1 |       ||     1
         Halberd           |       |    91 ||    91
   Cast: Shock             |    12 |    11 ||    23
    Use: Potion            |       |     1 ||     1
   Stab: Sleeping          |     1 |     2 ||     3
 Armour: Robe              |    21 |       ||    21
         Leather armour    |    32 |    58 ||    90
  Dodge: Dodged            |    97 |   116 ||   213

Table legend: (Time is in decaauts)
 A = Elapsed time spent in this place.
 B = Non-inter-level travel time spent in this place.
 C = Inter-level travel time spent in this place.
 D = Time resting spent in this place.
 E = Time spent auto-exploring this place.
 F = Levels seen in this place.
 G = Mean time per level.
                   A        B        C        D        E       F      G
               +--------+--------+--------+--------+--------+-----+--------+
         Total |   2795 |   2739 |     56 |      0 |   2069 |   4 |  698.8 |
       Dungeon |   2795 |   2739 |     56 |      0 |   2069 |   4 |  698.8 |
               +--------+--------+--------+--------+--------+-----+--------+

Top non-repeatable levels by time:
     D:1: 1154 daAuts
     D:2: 747 daAuts
     D:3: 689 daAuts
     D:4: 204 daAuts
